 Dungeon Crawl Stone Soup version 0.29-a0-872-g797fff5ad1 (webtiles) character file.

Game seed: 15591105102202849344

352 jimonade the Covert (level 6, -3/37 HPs)
             Began as a Kobold Brigand on July 18, 2022.
             Killed by nerve-wracking pain
             ... invoked by an orc priest
              (12 damage)
             ... on level 4 of the Dungeon.
             The game lasted 00:06:45 (3679 turns).

jimonade the Covert (Kobold Brigand)                Turns: 3679, Time: 00:06:45

Health: -3/37      AC:  6    Str:  8    XL:     6   Next: 94%
Magic:  8/8        EV: 15    Int: 13    God:
Gold:   184        SH:  0    Dex: 18    Spells: 7/7 levels left

rFire   x . .      SeeInvis .   n - +1 dagger (venom)
rCold   + . .      Faith    .   (no shield)
rNeg    . . .      Spirit   .   b - +0 robe
rPois   .          Reflect  .   C - +2 helmet "Eclo" {Harm rF- Regen+ Slay+2}
rElec   .          Harm     +   c - +0 cloak
rCorr   .          Rampage  .   (no gloves)
Will    .....                   (no boots)
Stlth   +++++.....              (no amulet)
HPRegen 0.92/turn               p - ring of protection from cold
MPRegen 0.11/turn               (no ring)

@: no status effects
A: small, no large weapons, nightstalker 3
a: no special abilities


You were on level 4 of the Dungeon.
You visited 1 branch of the dungeon, and saw 4 of its levels.

You collected 184 gold pieces.

Inventory:

Hand Weapons
 a - a +2 dagger
 n - a +1 dagger of venom (weapon)
 x - a +1 dagger of speed
 z - a +0 sling
Missiles
 d - 26 poisoned darts (quivered)
 e - 3 curare-tipped darts
 E - 5 datura-tipped darts
Armour
 b - a +0 robe (worn)
 c - a +0 cloak (worn)
 o - a +0 chain mail
 C - the +2 helmet "Eclo" (worn) {Harm rF- Regen+ Slay+2}
   (You took it off Robin on level 3 of the Dungeon)

   Slay:      It affects your accuracy & damage with ranged weapons and melee
   (+2).
   rF:        It makes you vulnerable to fire.
   Regen:     It increases your rate of health regeneration.
   Harm:      It increases damage dealt and taken.
 F - a +1 helmet
Magical Staves
 g - a staff of earth
 w - a staff of conjuration
Jewellery
 p - a ring of protection from cold (left hand)
Wands
 A - a wand of mindburst (8)
 B - a wand of flame (20)
Scrolls
 h - a scroll of fog {unknown}
 j - 2 scrolls of amnesia {unknown}
 k - 3 scrolls of identify {unknown}
 l - 2 scrolls of magic mapping {unknown}
 m - a scroll of enchant weapon {unknown}
 r - 2 scrolls of teleportation {unknown}
 t - 2 scrolls of blinking {unknown}
 u - 2 scrolls of noise {unknown}
 y - a scroll of summoning {unknown}
Potions
 f - a potion of haste
 i - 2 potions of lignification {unknown}
 q - a potion of invisibility {unknown}
 s - a potion of magic {unknown}
 v - a potion of attraction {unknown}
 D - a potion of cancellation {unknown}


   Skills:
 + Level 3.0 Fighting
 + Level 4.3 Short Blades
 - Level 2.1 Throwing
 + Level 2.2 Dodging
 * Level 9.0 Stealth
 * Level 1.3 Spellcasting


You had 7 spell levels left.
You didn't know any spells.
Your spell library contained the following spells:

 Spells                   Type           Power      Damage    Failure   Level
 Blink                    Tloc           0%         N/A       38%         2
 Lesser Beckoning         Tloc           0%         N/A       63%         3
 Manifold Assault         Tloc           0%         N/A       100%        5


Dungeon Overview and Level Annotations

Branches:
Dungeon (4/15)
 Temple: D:4-7

Altars:
Kikubaaqudgha

Shops:
D:2 [   D:3 (


Innate Abilities, Weirdness & Mutations

You are small and have problems with some larger weapons.
You are completely attuned to the shadows.


Message History

The hobgoblin hits you.
You hit the hobgoblin but do no damage.
The hobgoblin looks as sick as possible!
The hobgoblin is severely wounded.
You kill the hobgoblin!
Found 18 gold pieces.
You now have 166 gold pieces (gained 9).
There are no items here.
You now have 184 gold pieces (gained 18).
You open the door.
There is an open door here.
Found a stone staircase leading up.
There is a stone staircase leading up here.
An orc priest and an orc come into view.
There are monsters nearby!
An orc priest comes into view. It is wielding a +0 hand axe.
The orc priest shouts!
You hear a shout! x2
An orc comes into view. It is wielding a +0 dagger.
An orc comes into view. It is wielding a +0 club.
The orc barely misses you. The orc priest completely misses you.
The orc attacks as you move away! The orc closely misses you.
The orc priest hits you with a +0 hand axe.
You hit the orc priest but do no damage.
The orc priest is poisoned.
The orc barely misses you.
The orc priest invokes the aid of Beogh against you.
Pain shoots through your body!
You hit the orc priest but do no damage.
The orc priest looks as sick as possible!
You hit the orc priest but do no damage.
The orc priest looks as sick as possible!
The orc priest invokes the aid of Beogh against you.
Beogh smites you!
* * * LOW HITPOINT WARNING * * *
The orc hits you but does no damage.
You hit the orc priest but do no damage.
The orc priest looks as sick as possible!
The orc priest is moderately wounded.
The orc priest calls down the wrath of Beogh upon you.
Pain shoots through your body!
You die...

#$⌠ ##.# #.o. #.# ..#...o #.#
#.# #.# ### #.# ...o#.# ###.####
####.#.......#.########..#...#
#.#..).#.......#..........###..#
#.#.##.#.#...#.#.########..#.#.#
#.#.##.#.......#@# #....#.#
#.#.##.........oo# #..#.#.#
#......###...##.## #....#.#
#.#.##.....####.# #......#
#.#.##.##### #.# ####.###
.......# ##+## #.# ....##.#
##...## #.# ...###.# ##.....##
####.# ...##..# ##.......##
##.##.#


You could see an orc priest (extremely poisoned) and an orc.

Vanquished Creatures
  An ogre (D:4)
  A hound (D:4)
  An orc priest (D:4)
  2 iguanas
  An orc wizard (D:4)
  Robin (D:3)
  2 adders (D:3)
  4 orcs
  7 bats
  7 endoplasms
  A giant cockroach (D:4)
  19 goblins
  6 hobgoblins
  11 jackals
  10 kobolds
  A quokka (D:3)
  2 ball pythons
  6 frilled lizards
  5 rats
88 creatures vanquished.

Notes
Turn   | Place    | Note
-------+----------+-------------------------------------------
     0 | D:1      | jimonade the Kobold Brigand began the quest for the Orb.
     0 | D:1      | Reached XP level 1. HP: 12/12 MP: 1/1
    84 | D:1      | Reached XP level 2. HP: 12/18 MP: 2/2
   595 | D:1      | Reached skill level 6 in Stealth
   796 | D:1      | Found a faded altar of an unknown god.
   991 | D:2      | Found Veibbyri's Antique Armour Emporium.
   993 | D:2      | Reached XP level 3. HP: 22/22 MP: 3/3
  1574 | D:2      | Found an ancient bone altar of Kikubaaqudgha.
  1637 | D:2      | Reached XP level 4. HP: 27/27 MP: 4/4
  2017 | D:3      | Reached skill level 7 in Stealth
  2186 | D:3      | Found Tiukh's Weapon Emporium.
  2238 | D:3      | Reached XP level 5. HP: 31/31 MP: 5/5
  2595 | D:3      | Identified the +2 helmet "Eclo" {Harm rF- Regen+ Slay+2}
  2595 | D:3      | Noticed Robin
  2613 | D:3      | Killed Robin
  3027 | D:4      | Reached skill level 8 in Stealth
  3027 | D:4      | Noticed an ogre
  3035 | D:4      | Killed an ogre
  3036 | D:4      | Reached skill level 1 in Spellcasting
  3036 | D:4      | Reached XP level 6. HP: 36/36 MP: 5/7
  3484 | D:4      | Reached skill level 9 in Stealth
  3679 | D:4      | Killed from afar by an orc priest

Illustrated notes

Levels and vault maps discovered:
D:1:      onia_arrival_pyramid, layout_loops_ring, basic_ecumenical_altar
D:2:      layout_basic, serial_shops, shop, basic_altar
D:3:      layout_rooms, serial_shops, nicolae_shop_statue_plus, nicolae_titane,
          uniq_robin
D:4:      cheibrodos_pilgrimage, layout_loops_corners, minivault_5,
          minmay_tree_intersection

Skill      XL: |  1  2  3  4  5  6 |
---------------+-------------------+-----
Stealth        | 6 7 8 9 |  9.0
Short Blades   | 3 4 |  4.3
Dodging        | 2 |  2.2
Spellcasting   | 1 |  1.3
Fighting       | 3 |  3.0
Throwing       | |  2.1

Action                   |  1- 3 |  4- 6 || total
-------------------------+-------+-------++-------
Melee: Dagger            |    90 |   133 ||   223
       Punch             |       |     1 ||     1
 Stab: Sleeping          |    23 |    16 ||    39
Armor: Robe              |    15 |    17 ||    32
Dodge: Dodged            |    40 |    64 ||   104

Table legend: (Time is in decaauts)
 A = Elapsed time spent in this place.
 B = Non-inter-level travel time spent in this place.
 C = Inter-level travel time spent in this place.
 D = Time resting spent in this place.
 E = Time spent auto-exploring this place.
 F = Levels seen in this place.
 G = Mean time per level.
                   A        B        C        D        E       F      G
               +--------+--------+--------+--------+--------+-----+--------+
         Total |   3641 |   3561 |     80 |     39 |   2814 |   4 |  910.2 |
       Dungeon |   3641 |   3561 |     80 |     39 |   2814 |   4 |  910.2 |
               +--------+--------+--------+--------+--------+-----+--------+

Top non-repeatable levels by time:
     D:2: 998 daAuts
     D:1: 980 daAuts
     D:3: 973 daAuts
     D:4: 688 daAuts
